cohdb
Replays
Latest Replays
All Replays
Popular Replays
Top Player Replays
Match Explorer
How It Works
Community
CoH3 Stats
Reddit
Sign in to upload your games and track your stats! →
Sign in with Steam
Match 33981634
Unlisted
Match 33981634
Overview
Messages
Build Orders
End
Vickers Machine Gun Team
Construct Section Command Post
Infantry Section
Selects Air and Sea Battlegroup
Infantry Section
ML 3-inch Mortar Team
Construct Platoon Command Post
Selects Supply Surplus
Unlock Bishop Self-propelled Artillery
Construct Company Command Post
Matilda II Heavy Tank
Construct Resource Cache
Selects Commando Section Paradrop
Selects M1 Pack Howitzer Paradrop
Bishop Self-propelled Artillery
Royal Engineer Section
M1 Pack Howitzer Paradrop
Construct Field Infirmary
Selects Incendiary Bombing Run
Commando Section Paradrop
6-pounder Anti-tank Gun Team
Mr. Over Enthusiastic
matrix4x4
nowplus
동동구리
贤者之圣剑
笑看风云
0
0
Comments
sign in to comment!
No comments posted yet!